 Dungeon Crawl Stone Soup version 0.31-a0-700-gf13585253f (webtiles) character file.

Game seed: 7706464350412938653

311 Zonian the Covered (level 6, -4/55 HPs)
             Began as an Armataur Fighter on Sept 7, 2023.
             Slain by an ogre
             ... wielding a +0 giant spiked club
              (21 damage)
             ... on level 4 of the Dungeon.
             The game lasted 00:04:07 (2947 turns).

Zonian the Covered (Armataur Fighter)               Turns: 2947, Time: 00:04:07

Health: -4/55      AC:  7    Str: 29    XL:     6   Next: 18%
Magic:  6/6        EV:  8    Int:  9    God:
Gold:   145        SH:  4    Dex:  9    Spells: 5/5 levels left

rFire   . . .        a - +0 flail
rCold   . . .        c - +0 buckler
rNeg    . . .        f - +1 ring mail "Rota" {Stlth+}
rPois   .            (no helmet)
rElec   .            (no cloak)
rCorr   .            (no gloves)
SInv    .            (no barding)
Will    .....        (no amulet)
Stlth   +            t - +6 ring of strength
HPRegen 0.29/turn    (no ring)
MPRegen 0.10/turn

%: roll
@: lethally poisoned (-4 -> -5)
A: large, rugged brown scales 3, deformed body, armoured tail, roll, long
tongue, awkward tongue
a: no special abilities


You were on level 4 of the Dungeon.
You visited 1 branch of the dungeon, and saw 4 of its levels.

You collected 145 gold pieces.

Inventory:

Hand Weapons
 a - a +0 flail (weapon)
Missiles
 e - 16 poisoned darts
 l - 6 curare-tipped darts
Armour
 b - a +0 scale mail
 c - a +0 buckler (worn)
 f - the +1 ring mail "Rota" (worn) {Stlth+}
   (You found it on level 2 of the Dungeon)

   Stlth+:    It makes you more stealthy.
 s - a +2 leather armour of fire resistance
Jewellery
 t - a +6 ring of strength (left hand)
Wands
 d - a wand of flame (10)
Scrolls
 g - 2 scrolls of noise {unknown}
 h - a scroll of fear
 j - 2 scrolls of teleportation {unknown}
 k - a scroll of blinking {unknown}
 n - a scroll of revelation
 p - a scroll of poison {unknown}
 q - 2 scrolls of acquirement {unknown}
 r - a scroll of amnesia
Potions
 i - 2 potions of mutation {unknown}
 m - a potion of resistance {unknown}
 o - 3 potions of curing {unknown}


   Skills:
 + Level 3.9 Fighting
 + Level 3.2 Maces & Flails
 + Level 5.2 Armour
 + Level 4.7 Shields


You had 5 spell levels left.
You didn't know any spells.
Your spell library contained the following spells:

 Spells                   Type           Power      Damage    Failure   Level
 Sandblast                Erth           0%         2d4       54%         1
 Passwall                 Tmut/Erth      0%         N/A       69%         2
 Stone Arrow              Conj/Erth      0%         3d7       89%         3
 Tukima's Dance           Hex            0%         N/A       89%         3
 Passage of Golubria      Tloc           0%         N/A       100%        4
 Yara's Violent Unravell  Hex/Tmut       0%         3d3       100%        5


Dungeon Overview and Level Annotations

Branches:
Dungeon (4/15)
 Temple: D:4-7

Altars:

Shops:
D:3 :


Innate Abilities, Weirdness & Mutations

You are completely covered in rugged brown scales. (AC +3, +7% HP)
Armour fits poorly on your strangely shaped body.
You have a long armoured tail.
You roll when moving toward enemies. (Rampage)
Your long tongue fully drains potion bottles. (2x potion effects)
Your tongue gives you trouble enunciating. (1.5x scroll delay)


Message History

The jackal bites you but does no damage.
You miss the adder. The adder closely misses you.
The jackal bites you but does no damage.
The adder barely misses you. The jackal bites you.
You miss the adder. The adder bites you.
The jackal bites you but does no damage.
You closely miss the jackal. The adder completely misses you.
The jackal bites you but does no damage.
The adder closely misses you. The jackal bites you.
You sock the jackal!
You kill the jackal!
The adder bites you but does no damage. x2
You sock the adder!
The adder is severely wounded.
You block the adder's attack.
You hit the adder.
The adder is almost dead.
The adder bites you but does no damage. The adder barely misses you.
You closely miss the adder.
The adder is almost dead.
The adder bites you but does no damage. The adder bites you.
You barely miss the adder.
The adder is almost dead.
The adder bites you but does no damage.
You completely miss the adder.
The adder is almost dead.
The adder bites you.
You are poisoned.
The adder poisons you!
Unknown command.
You barely miss the ogre.
You feel sick.
The ogre hits you with a +0 giant spiked club!!
You sock the ogre!
The ogre is moderately wounded.
You feel sick.
You hit the ogre. You tail-slap the ogre.
The ogre is heavily wounded.
You feel sick.
The ogre hits you with a +0 giant spiked club!!
You die...

#[.<..#
#.###.O#
#gK# #..#
#...#S#
##$##.# ...
#.# ###
#S#######.#
#KO@†.....#
###########


You could see an ogre, an adder and a kobold.

Vanquished Creatures
  Sigmund (D:2)
  Jessica (D:2)
  Robin (D:2)
  3 adders
  2 worms
  4 dart slugs
  3 orcs (D:3)
  6 ball pythons
  5 bats
  7 endoplasms
  10 goblins
  7 hobgoblins
  3 jackals (D:4)
  3 quokkas
  6 frilled lizards
  4 kobolds
  5 rats
71 creatures vanquished.

Notes
Turn   | Place    | Note
-------+----------+-------------------------------------------
     0 | D:1      | Zonian the Armataur Fighter began the quest for the Orb.
     0 | D:1      | Reached XP level 1. HP: 19/19 MP: 1/1
   242 | D:1      | Reached XP level 2. HP: 25/26 MP: 2/2
   360 | D:1      | Reached skill level 4 in Armour
   684 | D:1      | Reached XP level 3. HP: 33/33 MP: 3/3
   875 | D:2      | Noticed Sigmund
   981 | D:2      | You fall into a shaft and drop 1 floor!
  1000 | D:3      | Found Niqeulec's Book Boutique.
  1450 | D:2      | Identified the +1 ring mail "Rota" {Stlth+}
  1478 | D:2      | Killed Sigmund
  1479 | D:2      | Reached XP level 4. HP: 42/42 MP: 4/4
  1479 | D:2      | Reached XP level 5. HP: 49/49 MP: 5/5
  1529 | D:2      | Noticed Robin
  1542 | D:2      | Killed Robin
  1554 | D:2      | Reached skill level 5 in Armour
  1665 | D:2      | Noticed Jessica
  1673 | D:2      | Killed Jessica
  1871 | D:2      | Reached XP level 6. HP: 55/55 MP: 6/6
  2367 | D:3      | Identified the +1 halberd of Gin and Tonic {speed, Str+4
                  | Dex+3}
  2947 | D:4      | Slain by an ogre

Illustrated notes

Levels and vault maps discovered:
D:1:      orjb1_lava_funnel, layout_loops_corners, minmay_pentomino_u4
D:2:      layout_basic, minivault_24, chequers_garden, minmay_crystal_water,
          grunt_ministairs_1, nicolae_eternal_life, minmay_misc_feat_tiny,
          hangedman_decor_points, item_on_display_a, uniq_jessica, uniq_robin,
          uniq_sigmund
D:3:      layout_basic, serial_shops, nicolae_shop_real_fake_doors, st_stairs_7
D:4:      layout_loops_ring, st_stairs_1, minmay_vboxes

Skill      XL: |  1  2  3  4  5 |
---------------+----------------+-----
Maces & Flails | 2 3 |  3.2
Fighting       | 3 |  3.9
Armour         | 4 5 |  5.2
Shields        | 4 |  4.7

Action                     |  1- 3 |  4- 6 || total
---------------------------+-------+-------++-------
  Melee: Flail             |   107 |   132 ||   239
         Tailslap          |     6 |     6 ||    12
    Use: Scroll            |     4 |       ||     4
         Potion            |     1 |       ||     1
   Stab: Sleeping          |       |     2 ||     2
 Armour: Scale mail        |    70 |       ||    70
         Ring mail         |     1 |   100 ||   101
  Dodge: Dodged            |    36 |    55 ||    91
  Block: Buckler           |    19 |    27 ||    46

Table legend: (Time is in decaauts)
 A = Elapsed time spent in this place.
 B = Non-inter-level travel time spent in this place.
 C = Inter-level travel time spent in this place.
 D = Time resting spent in this place.
 E = Time spent auto-exploring this place.
 F = Levels seen in this place.
 G = Mean time per level.
                   A        B        C        D        E       F      G
               +--------+--------+--------+--------+--------+-----+--------+
         Total |   3019 |   2851 |    168 |    135 |   2072 |   4 |  754.8 |
       Dungeon |   3019 |   2851 |    168 |    135 |   2072 |   4 |  754.8 |
               +--------+--------+--------+--------+--------+-----+--------+

Top non-repeatable levels by time:
     D:2: 1198 daAuts
     D:1: 964 daAuts
     D:3: 821 daAuts
     D:4: 36 daAuts
